 Dungeon Crawl Stone Soup version 0.31-a0-931-g7b59d4eb97 (webtiles) character file.

Game seed: 1379109343796274247

82119 arthad the Thaumaturge (level 15, -12/80 HPs)
             Began as a Deep Elf Earth Elementalist on Oct 19, 2023.
             Was a High Priest of Vehumet.
             Engulfed by an ice statue's freezing vapour (26 damage)
             ... in an ice cave.
             The game lasted 01:24:58 (27220 turns).

arthad the Thaumaturge (DEEE)                      Turns: 27220, Time: 01:24:58

Health: -12/80     AC: 13    Str:  8    XL:     15   Next: 28%
Magic:  31/44      EV: 16    Int: 34    God:    Vehumet [*****.]
Gold:   2169       SH: 14    Dex: 15    Spells: 8/43 levels left

rFire   + . .        B - staff of earth
rCold   . . .        V - +4 buckler of Winter {rPois rF+ rCorr}
rNeg    . . .        H - +0 steam dragon scales
rPois   +            M - +2 hat
rElec   .            i - +0 cloak
rCorr   +            w - +0 pair of gloves "Ruod" {rPois Str+3}
SInv    .            e - +2 pair of boots
Will    +....        Q - amulet of reflection
Stlth   ++++         o - ring of magical power
HPRegen 0.33/turn    S - +6 ring of intelligence
MPRegen 0.29/turn

%: reflection
@: studying Long Blades
A: no striking features
a: Renounce Religion


You were in an ice cave.
You worshipped Vehumet.
Vehumet was extremely pleased with you.
You visited 4 branches of the dungeon, and saw 21 of its levels.
You also visited: Bailey, Ice Cave and Volcano.

You collected 2205 gold pieces.
You spent 36 gold pieces at shops.

Inventory:

Hand Weapons
 f - a +1 broad axe of flaming
 A - a +4 quarterstaff of chaos
Missiles
 v - 6 silver javelins
 y - 4 javelins
 J - 22 boomerangs
 W - 28 poisoned darts
 X - a throwing net
 Z - 6 curare-tipped darts
Armour
 e - a +2 pair of boots (worn)
 i - a +0 cloak (worn)
 w - the +0 pair of gloves "Ruod" (worn) {rPois Str+3}
   (You found it in a volcano)

   Str+3:     It affects your strength (+3).
   rPois:     It protects you from poison
 H - +0 steam dragon scales (worn)
 M - a +2 hat (worn)
 V - the +4 buckler of Winter (worn) {rPois rF+ rCorr}
   (You found it on level 9 of the Dungeon)

   rF+:       It protects you from fire.
   rPois:     It protects you from poison rCorr: It protects you from acid and
   corrosion.
Magical Staves
 s - a staff of poison
 B - a staff of earth (weapon)
 D - a staff of fire
Jewellery
 a - an amulet of regeneration
 o - a ring of magical power (left hand)
 q - the ring of Harch {Will+ rCorr Str+3 Dex-4 Slay+2}
   (You acquired it in a bailey)

   [ring of resist corrosion]

   Str+3:     It affects your strength (+3).
   Dex-4:     It affects your dexterity (-4).
   Slay+2:    It affects your accuracy & damage with ranged weapons and melee
   (+2).
   Will+:     It increases your willpower.
   rCorr:     It protects you from acid and corrosion.
 u - a +4 ring of protection
 z - a ring of flight
 I - a ring of see invisible
 Q - an amulet of reflection (around neck)
 S - a +6 ring of intelligence (right hand)
Wands
 k - a wand of flame (32)
 r - a wand of charming (4)
 C - a wand of digging (3)
 E - a wand of iceblast (10)
Scrolls
 d - 4 scrolls of immolation
 h - 3 scrolls of enchant weapon
 j - 2 scrolls of teleportation
 n - 2 scrolls of fog
 t - a scroll of poison
 x - 4 scrolls of enchant armour
 F - a scroll of blinking
 G - 6 scrolls of identify
 P - 2 scrolls of torment
 R - 2 scrolls of fear
 Y - 2 scrolls of silence
Potions
 b - 2 potions of magic
 c - 2 potions of berserk rage
 g - 12 potions of curing
 l - 3 potions of mutation
 p - 4 potions of heal wounds
 K - 3 potions of brilliance
 L - 7 potions of might
 O - 4 potions of haste
 T - 3 potions of invisibility
Miscellaneous
 m - a phial of floods
 N - a phantom mirror


   Skills:
 + Level 4.0 Fighting
 + Level 4.4 Armour
 + Level 9.5 Dodging
 - Level 10.0 Stealth
 - Level 5.0 Shields
 * Level 14.6 Spellcasting
 * Level 11.9 Conjurations
 + Level 9.1 Hexes
 + Level 8.5 Transmutations
 * Level 8.8 Fire Magic
 * Level 5.1 Air Magic
 * Level 12.4 Earth Magic
 * Level 5.1 Poison Magic


You had 8 spell levels left.
You knew the following spells:

 Your Spells              Type           Power      Damage    Failure   Level
a - Sandblast             Erth           100%       2d20      0%          1
b - Passwall              Tmut/Erth      80%        N/A       1%          2
c - Stone Arrow           Conj/Erth      100%       3d13      1%          3
d - Petrify               Tmut/Erth      97%        N/A       1%          4
e - Brom's Barrelling Bo  Conj/Erth      100%       2d11      1%          4
f - Yara's Violent Unrav  Hex/Tmut       35%        3d14      1%          5
g - Mephitic Cloud        Conj/Pois/Air  66%        N/A       1%          3
h - Ignite Poison         Fire/Tmut/Pois 66%        N/A       1%          3
i - Tukima's Dance        Hex            72%        N/A       1%          3
j - Poisonous Vapours     Pois/Air       100%       N/A       1%          2
k - Iskenderun's Battles  Conj           82%        2d13      1%          5

Your spell library contained the following spells:

 Spells                   Type           Power      Damage    Failure   Level
 Starburst                Conj/Fire      38%        6d11      1%          6
 Inner Flame              Hex/Fire       72%        N/A       1%          3
 Summon Guardian Golem    Hex/Summ       54%        N/A       1%          3
 Sticky Flame             Conj/Fire      77%        2d9       1%          4
 Freezing Cloud           Conj/Ice/Air   29%        6-21      1%          5
 Summon Small Mammal      Summ           96%        N/A       2%          1
 Call Canine Familiar     Summ           24%        N/A       8%          3
 Summon Mana Viper        Hex/Summ       54%        N/A       11%         5
 Passage of Golubria      Tloc           24%        N/A       24%         4
 Enfeeble                 Hex            36%        N/A       43%         7
 Summon Forest            Summ/Tloc      12%        N/A       56%         5
 Ignition                 Fire           35%        3d11      67%         8
 Summon Cactus Giant      Summ           12%        N/A       98%         6


Dungeon Overview and Level Annotations

Branches:
Dungeon (14/15)            Temple (1/1) D:7            Lair (5/5) D:11
  Swamp (0/4) Lair:3       Spider (0/4) Lair:3        Slime (0/5) Lair:4
    Orc (1/2) D:11         Vaults (0/5) D:13         Bailey (visited)
  IceCv (1/1)             Volcano (visited)

Altars:
Ashenzari
Cheibriados
Dithmenos
Elyvilon
Fedhas
Gozag
Hepliaklqana
Kikubaaqudgha
Makhleb
Nemelex Xobeh
Okawaru
Qazlal
Ru
Sif Muna
Trog
Uskayaw
Vehumet
Wu Jian
Xom
Yredelemnul
Zin
The Shining One
Jiyva

Shops:
D:3 ?   D:4 [?=   Orc:1 (

Annotations:
D:6 2 transporters, Spaninq's ghost, novice BaFi
D:11 3 runed translucent doors, justen's ghost, journeyman MiFi
D:14 Frances IceCv exclusion: ice statue


Message History

Aiming: Stone Arrow (safe; 1% risk of failure)
Press: ? - help, Shift-Dir - straight line, f/p - ice statue
Aim: an ice statue (lightly damaged, 100% to hit)
You feel a surge of power!
The stone arrow hits the ice statue!
The ice statue is moderately damaged.
Casting: Stone Arrow (safe; 1% risk of failure)
Confirm with . or Enter, or press ? or * to list all spells.
Aiming: Stone Arrow (safe; 1% risk of failure)
Press: ? - help, Shift-Dir - straight line, f/p - ice statue
Aim: an ice statue (moderately damaged, 100% to hit)
You feel a surge of power!
The stone arrow hits the ice statue!
The ice statue is heavily damaged.
The ice statue gestures.
The ice statue gestures at you.
The freezing blast engulfs you but does no damage.
Casting: Stone Arrow (safe; 1% risk of failure)
Confirm with . or Enter, or press ? or * to list all spells.
Aiming: Stone Arrow (safe; 1% risk of failure)
Press: ? - help, Shift-Dir - straight line, f/p - ice statue
Aim: an ice statue (heavily damaged, 100% to hit)
You feel a surge of power!
The stone arrow hits the ice statue!
The ice statue is severely damaged.
You are engulfed in freezing vapours.
The ice statue gestures at you. The freezing blast engulfs you!!
The ice statue gestures at you. The freezing blast engulfs you!
You block the ice beast's attack.
Casting: Stone Arrow (safe; 1% risk of failure)
Confirm with . or Enter, or press ? or * to list all spells.
Aiming: Stone Arrow (safe; 1% risk of failure)
Press: ? - help, Shift-Dir - straight line, f/p - ice statue
Aim: an ice statue (severely damaged, 100% to hit)
You feel a surge of power!
The stone arrow hits the ice statue!!
You destroy the ice statue!
Vehumet accepts your kill.
You feel your power returning.
The ice beast disappears in a puff of smoke!
You are engulfed in freezing vapours.
* * * LOW HITPOINT WARNING * * *
You are engulfed in freezing vapours.
You die...

# ## ##.#.#### ####
##....... #### ##..##
#....☼○○####..#####....##
#.....○☼@##....##.......#
#.....○☼○☼..#.......∩.∩.#
##.........###..........#
#.......### ##..##....##
#......## ######..##
#......8 #### ##.....#
##....# ##..#


There were no monsters in sight!

Vanquished Creatures
  2 orc warlords
  A red draconian (Volcano)
  3 vault guards (D:13)
  2 fire dragons
  4 hydras
  A catoblepas (Lair:2)
  4 centaur warriors
  2 boulder beetles
  3 two-headed ogres
  2 tengu warriors (D:13)
  9 death yaks
  3 skysharks
  A fire crab (Lair:5)
  2 arcanists (D:13)
  Pikel (D:6)
  A swamp dragon (Lair:5)
  An orc knight (Bailey)
  A lindwurm (Lair:3)
  A necromancer (D:13)
  3 cyclopes
  3 manticores
  4 ugly things
  4 black mambas
  13 elephants
  An ice statue (IceCv)
  3 gargoyles
  8 cane toads
  An unseen horror (D:12)
  16 rime drakes
  4 kobold demonologists
  Maggie (D:6)
  2 yaktaurs
  11 komodo dragons
  An ice devil (IceCv)
  7 trolls
  12 polar bears
  4 raiju (Lair:5)
  4 blink frogs (Lair:5)
  Prince Ribbit (D:5)
  2 slime creatures (Lair:4)
  3 vampires
  A centaur simulacrum (D:13)
  2 shadows
  5 wraiths
  A spriggan (D:7)
  2 wyverns
  A yak (shapeshifter) (D:13)
  45 yaks
  18 humans (D:13)
  15 steam dragons
  4 basilisks
  A death yak simulacrum (IceCv)
  8 vampire mosquitoes (D:11)
  4 wargs (Lair:5)
  5 acid dragons
  15 hell hounds
  A swamp drake (Lair:5)
  10 water moccasins
  11 orc warriors
  An ice beast (D:7)
  12 black bears
  4 ogres
  38 wolves
  12 centaurs
  A lemure (D:6)
  Blork the orc (D:4)
  10 bullfrogs
  3 kobold brigands
  3 gnoll sergeants
  A two-headed ogre simulacrum (IceCv)
  A scorpion (D:5)
  11 wights
  6 killer bees (D:10)
  An electric eel (Lair:2)
  5 howler monkeys
  A crimson imp (D:4)
  3 jellies
  A hound (D:5)
  Crazy Yiuf (D:5)
  5 orc priests
  7 iguanas
  A sleepcap (D:6)
  10 orc wizards
  A spriggan simulacrum (IceCv)
  4 hell rats (Lair:2)
  A troll simulacrum (IceCv)
  17 gnolls
  2 naga simulacra (IceCv)
  10 adders
  8 river rats
  2 shadow imps
  A white imp (IceCv)
  4 ufetubi
  2 worms (D:2)
  2 dart slugs (D:4)
  46 orcs
  7 ball pythons
  A bat zombie (D:6)
  3 endoplasms
  2 giant cockroaches
  18 goblins
  11 hobgoblins
  6 jackals
  6 quokkas
  12 bats
  3 frilled lizards
  A goblin zombie (D:4)
  2 hobgoblin zombies (D:4)
  30 kobolds
  A kobold skeleton (D:4)
  2 orc skeletons (D:4)
  12 rats
  5 rat zombies (D:6)
  2 butterflies (Lair:4)
664 creatures vanquished.

Vanquished Creatures (collateral kills)
  20 boulders
20 creatures vanquished.

Vanquished Creatures (others)
  22 boulders
22 creatures vanquished.

Grand Total: 706 creatures vanquished

Notes
Turn   | Place    | Note
-------+----------+-------------------------------------------
     0 | D:1      | arthad the Deep Elf Earth Elementalist began the quest for
                  | the Orb.
     0 | D:1      | Reached XP level 1. HP: 10/10 MP: 6/6
   139 | D:1      | Reached XP level 2. HP: 15/15 MP: 4/8
   427 | D:1      | Found a faded altar of an unknown god.
   918 | D:2      | Reached XP level 3. HP: 19/19 MP: 6/10
   924 | D:2      | Learned a level 2 spell: Passwall
   928 | D:2      | Learned a level 3 spell: Stone Arrow
  1230 | D:2      | Reached skill level 1 in Shields
  1230 | D:2      | Reached XP level 4. HP: 10/24 MP: 5/11
  1336 | D:2      | Reached skill level 4 in Spellcasting
  1336 | D:2      | Reached skill level 1 in Conjurations
  1880 | D:3      | Reached XP level 5. HP: 25/28 MP: 13/13
  2146 | D:3      | Found Jiceggir's Magic Scroll Shoppe.
  2279 | D:4      | Noticed an ogre
  2282 | D:4      | Killed an ogre
  2524 | D:4      | Found a glowing golden altar of the Shining One.
  2531 | D:4      | Reached XP level 6. HP: 32/32 MP: 15/15
  2591 | D:4      | Found Heku's Armour Emporium.
  2754 | D:4      | Reached skill level 5 in Spellcasting
  2801 | D:4      | Found an opulent altar of Gozag.
  2858 | D:4      | Found Antauk's Jewellery Boutique.
  2914 | D:4      | Learned a level 4 spell: Petrify
  2919 | D:4      | Learned a level 4 spell: Brom's Barrelling Boulder
  3117 | D:4      | Found Jojos's Magic Scroll Shoppe.
  3120 | D:4      | Bought a scroll of teleportation for 36 gold pieces
  3465 | D:5      | Entered Level 5 of the Dungeon
  3465 | D:5      | Noticed Prince Ribbit
  3465 | D:5      | Noticed Blork the orc
  3468 | D:5      | Reached XP level 7. HP: 36/36 MP: 16/16
  3576 | D:5      | Reached skill level 5 in Earth Magic
  3699 | D:4      | Killed Blork the orc
  3920 | D:5      | Killed Prince Ribbit
  3921 | D:5      | Reached skill level 6 in Spellcasting
  3983 | D:5      | Reached XP level 8. HP: 35/41 MP: 19/19
  4343 | D:5      | Found a runed translucent door.
  4344 | D:5      | Noticed Crazy Yiuf
  4470 | D:5      | Killed Crazy Yiuf
  4674 | D:6      | Found a burning altar of Makhleb.
  4702 | D:6      | Noticed Pikel
  4715 | D:6      | Killed Pikel
  4716 | D:6      | Reached skill level 7 in Spellcasting
  4823 | D:6      | Noticed Maggie
  4826 | D:6      | Killed Maggie
  4827 | D:6      | Reached skill level 5 in Stealth
  4827 | D:6      | Reached XP level 9. HP: 45/45 MP: 20/22
  4901 | D:6      | Reached skill level 5 in Conjurations
  4933 | D:6      | Reached skill level 5 in Dodging
  4982 | D:6      | Noticed Spaninq's ghost (novice BaFi)
  4983 | D:6      | Found a transporter.
  4986 | D:6      | Found a transporter.
  5214 | D:6      | Found an ancient bone altar of Kikubaaqudgha.
  5580 | D:7      | Found a staircase to the Ecumenical Temple.
  5808 | D:7      | Found a flagged portal.
  5818 | Bailey   | Entered a bailey
  5828 | Bailey   | Noticed an orc warlord
  5920 | Bailey   | Noticed an orc knight
  5947 | Bailey   | Killed an orc knight
  5948 | Bailey   | Reached skill level 8 in Spellcasting
  6126 | Bailey   | Found a runed translucent gate.
  6129 | Bailey   | Found a runed translucent gate.
  6131 | Bailey   | Found a runed translucent gate.
  6471 | Bailey   | HP: 2/45 [orc warlord/+7 battleaxe (23)]
  6476 | Bailey   | Killed an orc warlord
  6477 | Bailey   | Reached XP level 10. HP: 15/50 MP: 4/24
  6497 | Bailey   | Acquired the ring of Harch {Will+ rCorr Str+3 Dex-4 Slay+2}
  6768 | D:7      | Reached skill level 5 in Transmutations
  6882 | Temple   | Entered the Ecumenical Temple
  6959 | D:7      | Reached skill level 5 in Shields
  6959 | D:7      | Reached skill level 9 in Spellcasting
  7044 | D:7      | Found a hide-covered altar of Uskayaw.
  7104 | D:7      | Found a glowing silver altar of Zin.
  7104 | D:7      | Found a sparkling altar of Nemelex Xobeh.
  7566 | D:8      | Found a radiant altar of Vehumet.
  7625 | D:8      | Became a worshipper of Vehumet
  7691 | D:8      | Found a broken altar of Ashenzari.
  8090 | D:9      | Noticed a two-headed ogre
  8099 | D:9      | Killed a two-headed ogre
  8198 | D:9      | Reached skill level 10 in Spellcasting
  8805 | D:9      | Noticed a cyclops
  8806 | D:9      | Noticed a boulder beetle
  8806 | D:9      | Noticed a green ugly thing
  9166 | D:9      | Reached XP level 11. HP: 48/54 MP: 6/27
  9409 | D:9      | Learned a level 5 spell: Yara's Violent Unravelling
  9455 | D:9      | Noticed a white ugly thing
  9471 | D:9      | HP: 1/54 [white ugly thing (17)]
  9473 | D:9      | Killed a white ugly thing
  9760 | D:9      | Reached skill level 1 in Hexes
  9760 | D:9      | Reached * piety under Vehumet
  9760 | D:9      | Offered knowledge of Foxfire by Vehumet.
  9764 | D:9      | Reached skill level 1 in Fire Magic
  9944 | D:9      | Identified the +4 buckler of Winter {rPois rF+ rCorr}
 10094 | D:10     | Entered Level 10 of the Dungeon
 10361 | D:10     | Reached ** piety under Vehumet
 10361 | D:10     | Offered knowledge of Static Discharge by Vehumet.
 10505 | D:10     | Reached skill level 1 in Armour
 10645 | D:10     | Found a shimmering blue altar of Sif Muna.
 10781 | D:9      | Reached skill level 11 in Spellcasting
 11186 | D:11     | Noticed a death yak
 11194 | D:11     | Noticed a death yak
 11195 | D:11     | Noticed a death yak
 11323 | D:11     | Reached skill level 1 in Fighting
 11449 | D:11     | Found a staircase to the Orcish Mines.
 11521 | D:11     | Noticed a minotaur
 11526 | D:11     | Noticed justen's ghost (journeyman MiFi)
 11605 | D:11     | Found a staircase to the Lair.
 11627 | D:11     | Noticed a two-headed ogre
 11649 | D:11     | Killed a death yak
 11662 | D:11     | Killed a death yak
 11804 | D:11     | Found a runed translucent gate.
 11821 | D:11     | Found a runed translucent gate.
 11821 | D:11     | Found a runed translucent gate.
 11856 | D:11     | Offered knowledge of Momentum Strike by Vehumet.
 11925 | D:11     | Reached XP level 12. HP: 61/61 MP: 29/29
 11956 | D:11     | Killed a death yak
 11957 | D:11     | Reached skill level 10 in Earth Magic
 12193 | D:11     | Killed a two-headed ogre
 12659 | D:12     | Noticed a boulder beetle
 12668 | D:12     | Killed a boulder beetle
 12669 | D:12     | Reached skill level 5 in Hexes
 12746 | D:12     | You fall into a shaft and drop 2 floors!
 12754 | D:13     | Noticed a centaur warrior
 12758 | D:13     | Killed a centaur warrior
 12758 | D:13     | Reached *** piety under Vehumet
 12849 | D:13     | Noticed a centaur warrior
 13163 | D:12     | Noticed a two-headed ogre
 13175 | D:12     | Killed a two-headed ogre
 13176 | D:12     | Reached skill level 12 in Spellcasting
 13721 | D:13     | Offered knowledge of Volatile Blastmotes by Vehumet.
 13848 | D:13     | Reached skill level 5 in Fire Magic
 14260 | D:13     | Reached **** piety under Vehumet
 14267 | D:13     | Noticed a vault guard
 14268 | D:13     | Noticed a vault guard
 14270 | D:13     | Offered knowledge of Mephitic Cloud by Vehumet.
 14285 | D:13     | Killed a vault guard
 14288 | D:13     | Killed a vault guard
 14289 | D:13     | Reached XP level 13. HP: 68/68 MP: 3/31
 14449 | D:13     | Found a gate to the Vaults.
 14452 | D:13     | Reached skill level 10 in Conjurations
 15705 | D:14     | Learned a level 3 spell: Mephitic Cloud
 15709 | D:14     | Learned a level 3 spell: Ignite Poison
 15713 | D:14     | Learned a level 3 spell: Tukima's Dance
 15775 | D:14     | Noticed Frances
 16027 | Lair:1   | Entered Level 1 of the Lair of Beasts
 16995 | Lair:2   | Learned a level 2 spell: Poisonous Vapours
 17340 | Lair:2   | Reached skill level 13 in Spellcasting
 17574 | Lair:2   | Reached skill level 1 in Poison Magic
 17645 | Lair:2   | Reached skill level 1 in Air Magic
 17957 | Lair:2   | Reached ***** piety under Vehumet
 18081 | Lair:2   | Offered knowledge of Arcjolt by Vehumet.
 19290 | Lair:3   | Reached XP level 14. HP: 68/74 MP: 4/33
 20188 | Lair:3   | Found a hole to the Spider Nest.
 20236 | Lair:3   | Found a staircase to the Swamp.
 20862 | Lair:4   | Found a dark tunnel.
 20920 | Volcano  | Entered a volcano
 21010 | Volcano  | Identified the +0 pair of gloves "Ruod" {rPois Str+3}
 21448 | Lair:4   | Found a staircase to the Slime Pits.
 21449 | Lair:4   | Found a viscous altar of Jiyva.
 22648 | Lair:4   | Offered knowledge of Iskenderun's Battlesphere by Vehumet.
 22656 | Lair:4   | Learned a level 5 spell: Iskenderun's Battlesphere
 22932 | Lair:5   | Entered Level 5 of the Lair of Beasts
 22945 | Lair:5   | Reached skill level 14 in Spellcasting
 24922 | Lair:5   | Reached XP level 15. HP: 72/79 MP: 25/35
 25535 | Lair:5   | Reached skill level 10 in Stealth
 25715 | Lair:5   | Offered knowledge of Starburst by Vehumet.
 26040 | Lair:5   | Reached skill level 5 in Air Magic
 26613 | Orc:1    | Entered Level 1 of the Orcish Mines
 26613 | Orc:1    | Found Anguiw's Weapon Shoppe.
 26648 | D:11     | Reached skill level 5 in Poison Magic
 26978 | Orc:1    | Found a frozen archway.
 27029 | IceCv    | Entered an ice cave
 27220 | IceCv    | Engulfed by an ice statue's freezing vapour

Illustrated notes

Levels and vault maps discovered:
D:1:      lightli_arrival_windingriver, layout_basic,
          hellmonk_ecumenical_altar_blasted, minmay_tiny_reverse_x
D:2:      layout_basic
D:3:      layout_basic, serial_shops, shop, minmay_cut_off
D:4:      layout_basic, nicolae_gozag_cash_rules_everything_around_me,
          nicolae_tso_besieged_by_evil, serial_shops, nicolae_shop_gaudy_bauble,
          shop, nicolae_shop_rolled_up
D:5:      layout_rooms, minmay_tree_intersection, water_boxes_lemuel,
          uniq_prince_ribbit1, uniq_crazy_yiuf_cottage, uniq_blork_the_orc
D:6:      layout_loops_ring, lemuel_zombie_altar_kikubaaqudgha,
          lemuel_doored_altar, gammafunk_ghost_arena, hex_tiny, uniq_pikel,
          uniq_maggie
D:7:      layout_rooms, mainiacjoe_overflow_alcove_1,
          gammafunk_temple_overflow_wave, minmay_temple_entry_hall,
          enter_bailey_3, the_hattery
D:8:      layout_rooms, kennysheep_mini, overflow_temple_1_default
D:9:      kennysheep_windowed_halls, layout_basic, lightli_corner_chamber
D:10:     layout_rooms, lemuel_blue_sif_altar
D:11:     layout_long_grid, dpeg_lair_monsters, maelrawn_ghost_gauntlet_escape,
          minivault_25
D:12:     layout_roguey, minmay_circle_x
D:13:     layout_basic, grunt_vaults_entry_tiered, minmay_misc_feat_chi
D:14:     layout_long_grid, serial_bayou_pond_a, zin_scriptorium, uniq_louise,
          uniq_frances
Temple:   chequers_temple_sunken
Lair:1:   layout_cave_pods
Lair:2:   layout_regular_city, serial_bayou, serial_bayou_pond_d,
          serial_bayou_crossing, serial_bayou_shore_b, serial_bayou_pond_c,
          kennysheep_abandoned_house
Lair:3:   layout_long_grid, swamp_mist, dummy_spider_entry,
          infiniplex_staircase_pool_2
Lair:4:   layout_loops_ring, minmay_slime_entry_pillars, enter_volcano_3,
          bobbens_dragon_lair_wall, lemuel_fruit_fields
Lair:5:   guppyfry_lair_end_dragon, layout_gridlike,
          hangedman_lair_caniforms_friends, lemuel_fruit_tree
Orc:1:    layout_caves, portal_ice_cave_rime, serial_shops, shop,
          nicolae_shop_vocational
IceCv:    ice_cave_small_demon

Skill      XL: |  1  2  3  4  5  6  7  8  9 10 11 12 13 14 15 |
---------------+----------------------------------------------+-----
Shields        | 1 2 3 4 5 |  5.0
Transmutations | 2 3 4 5 6 7 8 |  8.5
Earth Magic    | 4 5 6 7 8 9 10 11 12 | 12.4
Spellcasting   | 4 5 6 7 8 10 11 12 13 14 | 14.6
Conjurations   | 1 2 3 4 6 7 8 9 10 11 | 11.9
Stealth        | 3 4 5 6 7 8 9 10 | 10.0
Dodging        | 3 4 5 6 7 8 9 |  9.5
Hexes          | 4 6 8 9 |  9.1
Fire Magic     | 3 5 7 8 |  8.8
Armour         | 1 2 3 4 |  4.4
Fighting       | 1 2 3 4 |  4.0
Poison Magic   | 2 4 5 |  5.1
Air Magic      | 2 4 5 |  5.1

Action                     |  1- 3 |  4- 6 |  7- 9 | 10-12 | 13-15 || total
---------------------------+-------+-------+-------+-------+-------++-------
  Melee: Staff             |       |       |       |     7 |     8 ||    15
  Throw: Dart              |       |       |       |     1 |     1 ||     2
   Cast: Sandblast         |    51 |    88 |   106 |    45 |    10 ||   300
         Stone Arrow       |       |     2 |    47 |   284 |   510 ||   843
         Brom's Barrelling |       |       |     1 |    38 |    12 ||    51
         Petrify           |       |       |     9 |     6 |     3 ||    18
         Yara's Violent Un |       |       |       |     8 |       ||     8
         Poisonous Vapours |       |       |       |       |   214 ||   214
         Ignite Poison     |       |       |       |       |    80 ||    80
         Mephitic Cloud    |       |       |       |       |     6 ||     6
         Iskenderun's Batt |       |       |       |       |     5 ||     5
         Tukima's Dance    |       |       |       |       |     1 ||     1
  Evoke: Wand              |       |       |     7 |     4 |     5 ||    16
         Phial of floods   |       |       |       |     2 |       ||     2
    Use: Potion            |       |     1 |    11 |       |     5 ||    17
         Scroll            |       |       |    15 |     8 |    14 ||    37
 Armour: Robe              |    10 |    15 |    18 |       |       ||    43
         Steam dragon scal |       |       |    11 |    71 |   186 ||   268
  Dodge: Dodged            |    10 |    12 |    29 |    53 |   116 ||   220
  Block: Buckler           |     5 |     3 |    18 |    66 |   200 ||   292
         Reflection        |       |       |       |     6 |    19 ||    25

Table legend: (Time is in decaauts)
 A = Elapsed time spent in this place.
 B = Non-inter-level travel time spent in this place.
 C = Inter-level travel time spent in this place.
 D = Time resting spent in this place.
 E = Time spent auto-exploring this place.
 F = Levels seen in this place.
 G = Mean time per level.
                   A        B        C        D        E       F      G
               +--------+--------+--------+--------+--------+-----+--------+
         Total |  27422 |  26503 |    919 |   2075 |  19984 |  24 | 1142.6 |
       Dungeon |  15537 |  14984 |    553 |    456 |  12084 |  14 | 1109.8 |
        Temple |     42 |     21 |     21 |      0 |      0 |   1 |   42.0 |
          Lair |  10374 |  10030 |    344 |   1050 |   7527 |   5 | 2074.8 |
  Orcish Mines |    262 |    262 |      0 |     36 |    159 |   1 |  262.0 |
        Bailey |    824 |    824 |      0 |    369 |    190 |   1 |  824.0 |
      Ice Cave |    190 |    190 |      0 |    137 |     24 |   1 |  190.0 |
       Volcano |    190 |    190 |      0 |     27 |      0 |   1 |  190.0 |
               +--------+--------+--------+--------+--------+-----+--------+

Top non-repeatable levels by time:
  Lair:5: 3573 daAuts
     D:9: 2347 daAuts
    D:13: 2232 daAuts
  Lair:2: 2067 daAuts
  Lair:4: 1935 daAuts
  Lair:3: 1636 daAuts
    D:11: 1589 daAuts
     D:4: 1499 daAuts
  Lair:1: 1160 daAuts
    D:10: 1106 daAuts
     D:6: 952 daAuts
    D:12: 949 daAuts
     D:1: 929 daAuts
     D:7: 849 daAuts
  Bailey: 824 daAuts
